[Event "Titled Tuesday Blitz May 2 Early 2023"]
[White "Goncalves, Davi Sulzbacher"]
[Black "Sokolovsky, Yahli"]
[WhiteFideId "2154510"]
[BlackFideId "2820242"]
[WhiteElo "2182"]
[BlackElo "2316"]
[Result "0-1"]
[Round "02"]
[TimeControl "180+2"]
[Date "2023.05.02"]
[WhiteClock "0:00:04"]
[BlackClock "0:00:10"]

1. Nf3 d5 2. d4 c6 3. c4 e6 4. g3 Nd7 5. Bg2 Bd6 6. Nbd2 f5 7. O-O Ngf6 8. b3 Ne4 9. Bb2 O-O 10. Ne5 Nxe5 11. dxe5 Bc5 12. Nxe4 fxe4 13. Bd4 Qb6 14. e3 Bd7 15. Rc1 Bxd4 16. Qxd4 Qd8 17. Rfd1 Rf7 18. Rc2 Qg5 19. Rcd2 a6 20. Qb6 Be8 21. cxd5 exd5 22. e6 Re7 23. Qb4 Bh5 24. Rc1 Bg4 25. h4 Qf6 26. f4 Bxe6 27. Kh2 Rae8 28. a4 h6 29. a5 Bg4 30. Qd4 Qg6 31. b4 Qh5 32. Qc3 Re6 33. Qb2 Rg6 34. Rf2 Bf3 35. Qd2 Qg4 0-1


[Site "https://www.chess.com"]

[Event "Titled Tuesday Blitz May 2 Early 2023"]
[White "Milikow, Yoav"]
[Black "Vlassov, Nikolai"]
[WhiteFideId "2822237"]
[BlackFideId "4103360"]
[WhiteElo "2410"]
[BlackElo "2324"]
[Result "1-0"]
[Round "02"]
[TimeControl "180+2"]
[Date "2023.05.02"]
[WhiteClock "0:00:14"]
[BlackClock "0:00:03"]

1. Nf3 c5 2. c4 g6 3. d4 Bg7 4. Nc3 cxd4 5. Nxd4 Nc6 6. Nc2 Nf6 7. e4 O-O 8. Be2 b6 9. O-O Bb7 10. Re1 d6 11. b3 Qd7 12. Rb1 Rfd8 13. Bg5 Qe8 14. Bf1 Qf8 15. Qd2 h6 16. Bf4 Rd7 17. h3 Rad8 18. Rbd1 e6 19. Ne3 Nh5 20. Bh2 f5 21. exf5 gxf5 22. Nc2 Qf6 23. Nb5 a6 24. Nxd6 e5 25. Qe2 Rxd6 26. Qxh5 f4 27. Rxd6 Rxd6 28. Rd1 Rxd1 29. Qxd1 Nd4 30. Nxd4 exd4 31. Qg4 f3 32. Qd7 fxg2 33. Qxb7 gxf1=Q+ 34. Kxf1 Qg6 35. Qd5+ Kh7 36. Be5 Qb1+ 37. Kg2 Qg6+ 38. Bg3 d3 39. f4 h5 40. f5 Qg5 41. Qxd3 Bf6 42. h4 Qg4 43. Qf3 Qd4 44. Qxh5+ Kg8 45. Qe8+ Kg7 46. Qg6+ Kf8 47. Kh3 b5 48. c5 Ke7 49. Bd6+ Kd7 50. Qf7+ Kc6 51. Qe8+ Kd5 52. Qe6+ Kc6 53. Be5+ 1-0


[Site "https://www.chess.com"]

[Event "Titled Tuesday Blitz May 2 Early 2023"]
[White "Erzhanov, Arman"]
[Black "Vakhlamov, Igor L."]
[WhiteFideId "4138821"]
[BlackFideId "24126748"]
[WhiteElo "2138"]
[BlackElo "2400"]
[Result "0-1"]
[Round "02"]
[TimeControl "180+2"]
[Date "2023.05.02"]
[WhiteClock "0:00:00"]
[BlackClock "0:00:00"]

1. e4 c5 2. Nf3 e6 3. b3 Nc6 4. Bb5 Nge7 5. Bb2 a6 6. Bxc6 Nxc6 7. O-O f6 8. Nh4 g6 9. f4 Qe7 10. f5 gxf5 11. exf5 e5 12. Nc3 Qf7 13. Na4 b5 14. Nb6 Rb8 15. Nxc8 Rxc8 16. a4 Be7 17. axb5 axb5 18. Qe2 b4 19. Rf3 Rg8 20. Rg3 Rg5 21. d3 d6 22. Qe4 Kd7 23. Ra6 Bf8 24. Rf3 Qg8 25. g3 Rg4 26. Qe2 Rxh4 27. Kg2 Rg4 28. Qd1 h5 29. Qa1 h4 30. Qa4 Rc7 31. Ra8 hxg3 32. hxg3 e4 33. Re3 Qg5 34. Rxe4 Rxe4 35. dxe4 Qd2+ 36. Kh3 Qh6+ 37. Kg2 Be7 38. Qb5 Qd2+ 39. Kh3 Qxc2 40. Ba1 Qxe4 41. Qf1 d5 42. Ra2 d4 43. Re2 Qd5 44. Qe1 Ne5 45. Bb2 Bd6 46. Bc1 Rc8 47. Bf4 Rh8+ 0-1


[Site "https://www.chess.com"]

[Event "Titled Tuesday Blitz May 2 Early 2023"]
[White "Tanenbaum, Zachary"]
[Black "Aggelis, Nikolaos"]
[WhiteFideId "2060850"]
[BlackFideId "4213220"]
[WhiteElo "2175"]
[BlackElo "2189"]
[Result "1-0"]
[Round "02"]
[TimeControl "180+2"]
[Date "2023.05.02"]
[WhiteClock "0:00:04"]
[BlackClock "0:00:12"]

1. e4 c6 2. d4 d5 3. exd5 cxd5 4. Bd3 Nc6 5. c3 Qc7 6. h3 e5 7. dxe5 Nxe5 8. Bb5+ Bd7 9. Qxd5 Nf6 10. Bxd7+ Nfxd7 11. Nf3 Nxf3+ 12. Qxf3 Ne5 13. Qe4 O-O-O 14. O-O Nd3 15. Qa4 Bc5 16. Na3 Nxf2 17. Bf4 Nxh3+ 18. Kh1 Nxf4 19. Rxf4 Rd5 20. g3 Rhd8 21. Nc4 Rh5+ 22. Kg2 Qd7 23. Qxd7+ Rxd7 24. Re1 Re7 25. Ref1 f6 26. b4 Bb6 27. Nd6+ Kc7 28. Rd1 Rhe5 29. Rc4+ Kd7 30. Nf7+ Ke6 31. Nxe5 fxe5 32. Kf3 Rf7+ 33. Ke4 Rf2 34. a4 Re2+ 35. Kf3 Re3+ 36. Kg4 a6 37. a5 Ba7 38. Rc7 Re4+ 39. Kh3 Bf2 40. Kg2 Re2 41. Kf3 Rc2 42. Rxb7 g5 43. Rxh7 Kf5 44. g4+ Kg6 45. Rhd7 Bh4 46. R1d6# 1-0


[Site "https://www.chess.com"]

[Event "Titled Tuesday Blitz May 2 Early 2023"]
[White "Hnydiuk, Aleksander"]
[Black "Nagy, Gabor"]
[WhiteFideId "1109057"]
[BlackFideId "737119"]
[WhiteElo "2374"]
[BlackElo "2514"]
[Result "0-1"]
[Round "02"]
[TimeControl "180+2"]
[Date "2023.05.02"]
[WhiteClock "0:00:01"]
[BlackClock "0:00:25"]

1. g3 d5 2. Bg2 c6 3. Nf3 Bg4 4. O-O Nd7 5. d3 e6 6. c4 Bd6 7. Nc3 Ne7 8. cxd5 exd5 9. h3 Bxf3 10. Bxf3 O-O 11. e4 dxe4 12. dxe4 Qc7 13. Be3 Bxg3 14. fxg3 Qxg3+ 15. Kh1 Qxh3+ 16. Kg1 Qg3+ 17. Kh1 Ne5 18. Qe2 Rad8 19. Bg2 Ng4 20. Bf4 Qh4+ 21. Kg1 Ng6 22. Qe1 Qxe1 23. Raxe1 Nxf4 24. Rxf4 Ne5 25. Rd1 Rxd1+ 26. Nxd1 Rd8 27. Ne3 f6 28. Nf5 g6 29. Ne3 Kg7 30. Rf2 Rd3 31. Re2 h5 32. Kf2 Kf7 33. Rc2 Ke7 34. Ke2 h4 35. Bh3 a5 36. Bc8 b5 37. Ng4 Rg3 38. Nxe5 fxe5 39. Kf2 Kd6 40. Bb7 c5 41. Rd2+ Kc7 42. Ba6 Kc6 43. Rd5 Rg5 44. Rd8 h3 45. Rh8 Rg2+ 46. Kf3 Rxb2 47. Rxh3 Rxa2 48. Rh6 Ra3+ 49. Kg4 c4 50. Rxg6+ Kc5 51. Re6 b4 52. Rxe5+ Kd4 53. Rd5+ Kc3 54. Rc5 b3 55. Rxc4+ Kd2 56. Rd4+ Ke3 57. Rd3+ Kxe4 58. Rf3 a4 59. Bc4 Kd4 60. Be6 b2 61. Rf4+ Kc3 62. Bf5 Ra1 63. Rf3+ Kb4 64. Rf4+ Kc5 65. Rf2 a3 66. Rc2+ Kd4 67. Rd2+ Ke3 68. Rd3+ Ke2 69. Rb3 Rg1+ 70. Kh3 Ra1 71. Kh2 Kd2 72. Rb7 Rf1 73. Rd7+ Kc3 74. Rc7+ Kd4 75. Rd7+ Ke5 76. Bc2 a2 77. Re7+ Kf6 78. Rf7+ Kxf7 0-1


[Site "https://www.chess.com"]

[Event "Titled Tuesday Blitz May 2 Early 2023"]
[White "Ashraf, Artin"]
[Black "Alinasab, Mobina"]
[WhiteFideId "22514805"]
[BlackFideId "12528897"]
[WhiteElo "2188"]
[BlackElo "2149"]
[Result "0-1"]
[Round "02"]
[TimeControl "180+2"]
[Date "2023.05.02"]
[WhiteClock "0:00:00"]
[BlackClock "0:00:01"]

1. e4 c5 2. Nf3 e6 3. b3 d6 4. Bb2 a6 5. d4 cxd4 6. Nxd4 Nf6 7. Nd2 Qc7 8. c4 Be7 9. Bd3 b6 10. O-O Bb7 11. f4 Nbd7 12. Qe2 O-O 13. Kh1 Rfe8 14. N4f3 Nc5 15. Rae1 Nxd3 16. Qxd3 d5 17. cxd5 exd5 18. e5 Ne4 19. Rc1 Qd8 20. Bd4 Nc5 21. Qe3 Bf8 0-1


[Site "https://www.chess.com"]

[Event "Titled Tuesday Blitz May 2 Early 2023"]
[White "Jaskolka, Tomasz"]
[Black "Panesar Vedant"]
[WhiteFideId "1170791"]
[BlackFideId "35033018"]
[WhiteElo "2155"]
[BlackElo "2278"]
[Result "1-0"]
[Round "02"]
[TimeControl "180+2"]
[Date "2023.05.02"]
[WhiteClock "0:00:18"]
[BlackClock "0:01:01"]

1. d4 Nf6 2. c4 g6 3. g3 Bg7 4. Bg2 O-O 5. Nf3 d6 6. O-O Nbd7 7. Nc3 e5 8. e4 exd4 9. Nxd4 Re8 10. Re1 a6 11. b3 Rb8 12. Bb2 Nc5 13. Qc2 Ng4 14. Nd5 c6 15. Ne3 Ne5 16. Rad1 Qc7 17. f4 Ng4 18. Nxg4 Bxg4 19. Rd2 h5 20. h3 Bd7 21. Rde2 Rbd8 22. Kh2 Qc8 23. f5 Be5 24. Nf3 Bxb2 25. Qxb2 Nd3 26. Qf6 Nxe1 27. Ng5 Rf8 28. fxg6 Nf3+ 29. Bxf3 Be6 30. g7 Rfe8 31. Qh6 1-0


[Site "https://www.chess.com"]

[Event "Titled Tuesday Blitz May 2 Early 2023"]
[White "Zhao, Jun"]
[Black "Ronka, Erik"]
[WhiteFideId "8602522"]
[BlackFideId "505080"]
[WhiteElo "2547"]
[BlackElo "2264"]
[Result "1-0"]
[Round "02"]
[TimeControl "180+2"]
[Date "2023.05.02"]
[WhiteClock "0:00:47"]
[BlackClock "0:00:27"]

1. e4 c5 2. Nf3 d6 3. Bb5+ Bd7 4. c4 Nf6 5. Nc3 g6 6. d4 cxd4 7. Nxd4 Bg7 8. Be3 Nc6 9. h3 O-O 10. O-O a6 11. Bxc6 bxc6 12. Qd2 Rb8 13. b3 Qc7 14. Rac1 Rfd8 15. Rfd1 Qb7 16. Nf3 Be8 17. e5 Nd7 18. exd6 Ne5 19. Nxe5 Bxe5 20. Bf4 Bxd6 21. Bxd6 Rxd6 22. Qe3 Rbd8 23. Rxd6 Rxd6 24. Rd1 Rxd1+ 25. Nxd1 Qd7 26. Nc3 f6 27. Kf1 Bf7 28. Ke1 Qd6 29. g3 Qa3 30. Qd2 Kg7 31. Ne4 Be6 32. g4 a5 33. Nc3 Qc5 34. Qe3 Qd6 35. Ne4 Qe5 36. Nc5 Qa1+ 37. Ke2 Qxa2+ 38. Kf3 Bf7 39. Qxe7 a4 40. Ne6+ Kh6 41. Qf8# 1-0


[Site "https://www.chess.com"]

[Event "Titled Tuesday Blitz May 2 Early 2023"]
[White "Risteski, Emil"]
[Black "Albornoz Cabrera, Carlos Daniel"]
[WhiteFideId "15005267"]
[BlackFideId "3518736"]
[WhiteElo "2251"]
[BlackElo "2516"]
[Result "1/2-1/2"]
[Round "02"]
[TimeControl "180+2"]
[Date "2023.05.02"]
[WhiteClock "0:00:00"]
[BlackClock "0:00:00"]

1. c4 c6 2. e3 d5 3. Nf3 Nf6 4. b3 Bg4 5. Bb2 e6 6. h3 Bh5 7. Be2 Nbd7 8. O-O Bd6 9. d4 O-O 10. Nbd2 Qe7 11. Ne5 Bxe2 12. Qxe2 Ne8 13. Nxd7 Qxd7 14. e4 Nc7 15. Nf3 Qe7 16. Rad1 Ba3 17. Ba1 a5 18. Bc3 a4 19. exd5 exd5 20. Qxe7 Bxe7 21. Rfe1 Rfe8 22. Ne5 f6 23. Nd3 axb3 24. axb3 Kf7 25. Ra1 Bf8 26. Kf1 Rxe1+ 27. Kxe1 Rxa1+ 28. Bxa1 Bd6 29. Ke2 g5 30. g4 Kg6 31. Bc3 dxc4 32. bxc4 b5 33. Bb4 bxc4 34. Bxd6 cxd3+ 35. Kxd3 Ne6 36. Kc4 f5 37. f3 h5 38. Be5 h4 39. Bd6 fxg4 40. fxg4 Kf6 41. Be5+ Ke7 42. d5 cxd5+ 43. Kxd5 Kf7 44. Ke4 Kg6 45. Bd6 Nd8 46. Be7 Ne6 47. Bd6 Ng7 48. Be7 Ne6 49. Bd6 1/2-1/2


[Site "https://www.chess.com"]

[Event "Titled Tuesday Blitz May 2 Early 2023"]
[White "Kvaloy, Aksel Bu"]
[Black "Karamsetty, Jeevan"]
[WhiteFideId "1528815"]
[BlackFideId "2025337"]
[WhiteElo "2208"]
[BlackElo "2111"]
[Result "0-1"]
[Round "02"]
[TimeControl "180+2"]
[Date "2023.05.02"]
[WhiteClock "0:00:03"]
[BlackClock "0:00:13"]

1. e4 g6 2. d4 d6 3. Nc3 Bg7 4. h4 Nf6 5. h5 Nxh5 6. Rxh5 gxh5 7. Qxh5 Bxd4 8. Nf3 Bf6 9. Nd5 Be6 10. Bc4 Qd7 11. Bg5 Bg7 12. O-O-O Nc6 13. Bb5 Bf8 14. Bf6 Bxd5 15. Bxh8 Bxe4 16. Ne5 Qe6 17. Nxc6 bxc6 18. Ba4 Qxa2 19. Bb3 Qa1+ 20. Kd2 Qa6 21. Qxf7+ Kd8 22. Qxf8+ Kd7 23. Qxa8 Qa5+ 24. Bc3 Qg5+ 25. Ke1 Qxg2 26. Qg8 Qh1+ 27. Kd2 Qh6+ 28. Ke2 Qh5+ 29. Kf1 Qh1+ 30. Qg1 Qh3+ 31. Ke1 Bf3 32. Qg3 Qh1+ 33. Kd2 Qxd1+ 34. Ke3 Bd5 35. Qh3+ Kd8 36. Bxd5 Qxd5 37. Qxh7 Qc5+ 38. Ke2 Qc4+ 39. Qd3 Qg4+ 40. Qf3 Qe6+ 41. Kd2 Qh6+ 42. Kd1 Qh2 43. Qf8+ Kd7 44. Qf5+ Kd8 45. b3 Qh1+ 46. Kd2 Qh6+ 47. Ke2 Qh4 48. Qf3 Qh7 49. Kd2 Qh6+ 50. Kd1 Qh7 51. Kc1 d5 52. Kb2 Qh4 53. Be5 Qh6 54. Qf5 c5 55. f4 Qc6 56. Qf8+ Kd7 57. Qf5+ Kd8 58. Qd3 e6 59. f5 exf5 60. Qxf5 Qd7 61. Qg5+ Kc8 62. Qg1 Qc6 63. Qe3 Kb7 64. Qf4 c4 65. b4 Qb6 66. Bc3 a5 67. Ka3 axb4+ 68. Bxb4 Qa6+ 69. Kb2 Qb6 70. Kc3 Qc6 71. Qf7 d4+ 72. Kxd4 Qb6+ 73. Kc3 Qe3+ 74. Kb2 Qd4+ 75. Bc3 Qb6+ 76. Kc1 Qe3+ 77. Bd2 Qg1+ 78. Kb2 Qb6+ 79. Kc3 Qa5+ 80. Kxc4 Qa2+ 81. Kb4 Qxf7 82. Be3 Qe6 83. Bd4 Kc6 84. Kc3 Qd6 85. Kd3 Qd5 86. c4 Qf3+ 87. Be3 Kd6 88. Kd4 c5+ 89. Kd3 Ke5 90. Kd2 Qg2+ 91. Kd3 Qc6 92. Kc3 Ke4 93. Bf2 Qd6 94. Kb3 Qd3+ 95. Kb2 Qxc4 96. Be1 Kd3 97. Ka1 Qb5 98. Bc3 Kc2 99. Ka2 Qa4# 0-1


[Site "https://www.chess.com"]

[Event "Titled Tuesday Blitz May 2 Early 2023"]
[White "Arencibia Monduy, Antonio"]
[Black "Cherniaiev, Tykhon"]
[WhiteFideId "3507939"]
[BlackFideId "14182360"]
[WhiteElo "2122"]
[BlackElo "2450"]
[Result "1/2-1/2"]
[Round "02"]
[TimeControl "180+2"]
[Date "2023.05.02"]
[WhiteClock "0:00:00"]
[BlackClock "0:00:00"]

1. e4 e5 2. Bc4 Nf6 3. d3 Nc6 4. Nf3 Bc5 5. O-O d6 6. c3 a6 7. a4 h6 8. Re1 Ba7 9. b4 Be6 10. Nbd2 O-O 11. Bb3 Qd7 12. Bc2 Ng4 13. Re2 f5 14. h3 Nf6 15. Bb3 Kh8 16. Bxe6 Qxe6 17. Nf1 Ne7 18. exf5 Nxf5 19. d4 e4 20. N3h2 Nd5 21. Bd2 Rae8 22. Ng4 h5 23. Ngh2 Qg6 24. Kh1 Nh4 25. Ng3 e3 26. Bxe3 Nxe3 27. Rxe3 Rxe3 28. fxe3 Qxg3 29. Qxh5+ Kg8 30. Qd5+ Rf7 31. Rf1 Qg6 32. Rxf7 Qxf7 33. Qxb7 Qf2 34. Qd5+ Kf8 35. Qa8+ Ke7 36. Ng4 Qf1+ 37. Kh2 c6 38. Qb7+ Ke6 39. Qxc6 Bb8 40. Qe4+ Kd7 41. d5 Qf5 42. Qxf5+ Nxf5 43. Kg1 Ne7 44. e4 Ba7+ 45. Kf1 Ng6 46. Ke2 Nf4+ 47. Kf3 Nd3 48. Ne3 Ne1+ 49. Ke2 Bxe3 50. Kxe3 Nxg2+ 51. Kf3 Nh4+ 52. Kg4 Ng6 53. Kf3 Ne5+ 54. Ke3 Kc7 55. Kd4 Ng6 56. c4 Nf4 57. e5 dxe5+ 58. Kxe5 Nxh3 59. c5 Nf2 60. b5 axb5 61. axb5 Nd3+ 62. Kd4 Nf4 63. d6+ Kd7 64. Ke5 Nd3+ 65. Kd5 Nf4+ 66. Ke5 Nd3+ 67. Kd4 Nf4 68. Ke5 1/2-1/2


[Site "https://www.chess.com"]

[Event "Titled Tuesday Blitz May 2 Early 2023"]
[White "Andreev, Konstantin"]
[Black "Tristan, Leonardo"]
[WhiteFideId "24239305"]
[BlackFideId "113816"]
[WhiteElo "2106"]
[BlackElo "2461"]
[Result "0-1"]
[Round "02"]
[TimeControl "180+2"]
[Date "2023.05.02"]
[WhiteClock "0:00:59"]
[BlackClock "0:00:18"]

1. e4 d5 2. exd5 Qxd5 3. Nc3 Qa5 4. Nf3 Nf6 5. Bc4 Nc6 6. h3 Bf5 7. d3 Ne5 8. Nxe5 Qxe5+ 9. Qe2 Qxe2+ 10. Kxe2 e6 11. Bf4 Bd6 12. Be3 a6 13. a4 h5 14. Rhe1 h4 15. Rad1 O-O-O 16. Kf3 Rdg8 17. Bd4 Nd7 18. Ne4 Bb4 19. c3 Be7 20. Ke2 Rh6 21. Kf1 g5 22. Be3 Rhg6 23. f3 Rd8 24. Bb3 Rgg8 25. Kf2 Nf6 26. Nxg5 Rg7 0-1


[Site "https://www.chess.com"]

[Event "Titled Tuesday Blitz May 2 Early 2023"]
[White "Seo, Jung Min"]
[Black "Baches Garcia, Guillermo"]
[WhiteFideId "1734687"]
[BlackFideId "2209764"]
[WhiteElo "2468"]
[BlackElo "2334"]
[Result "1-0"]
[Round "02"]
[TimeControl "180+2"]
[Date "2023.05.02"]
[WhiteClock "0:00:00"]
[BlackClock "0:00:00"]

1. d4 Nf6 2. c4 e6 3. Nc3 d5 4. cxd5 Nxd5 5. e4 Nxc3 6. bxc3 c5 7. a3 cxd4 8. cxd4 e5 9. d5 Bd6 10. Nf3 O-O 11. Bd3 Nd7 12. O-O Nc5 13. Bc2 Bd7 14. Re1 b5 15. Be3 Qe7 16. Nd2 a5 17. Qe2 Rfc8 18. Reb1 Rab8 19. h3 h6 20. Kh2 a4 21. Kg1 Kf8 22. Ra2 Kg8 23. Qf1 Na6 24. Bd3 Bxa3 25. Raa1 Bc5 26. Bxb5 Bxb5 27. Rxb5 Bxe3 28. fxe3 a3 29. Rxb8 Nxb8 30. Qd3 Nd7 31. Qxa3 Qg5 32. Nf3 Qg6 33. Qe7 Rc2 34. Ne1 Re2 35. Qxd7 Qxe4 36. Nf3 Qxe3+ 37. Kh1 g6 38. Qg4 Kg7 39. d6 e4 40. Ne5 1-0


[Site "https://www.chess.com"]

[Event "Titled Tuesday Blitz May 2 Early 2023"]
[White "Castellanos Gomez, Alejandro"]
[Black "Fernandez Guillen, Ernesto J."]
[WhiteFideId "22284141"]
[BlackFideId "3512428"]
[WhiteElo "2158"]
[BlackElo "2423"]
[Result "0-1"]
[Round "02"]
[TimeControl "180+2"]
[Date "2023.05.02"]
[WhiteClock "0:00:00"]
[BlackClock "0:00:00"]

1. d4 Nf6 2. Bf4 b6 3. f3 d5 4. c4 e6 5. Nc3 Bb7 6. Qc2 Bd6 7. Bg5 O-O 8. e4 dxe4 9. fxe4 e5 10. d5 Be7 11. O-O-O Ne8 12. Bd2 Bg5 13. Nf3 Bxd2+ 14. Rxd2 Qe7 15. h4 Nd7 16. h5 Nd6 17. g4 a5 18. Nh4 g6 19. Bd3 Qg5 20. Nf3 Qxg4 21. Rf2 Qf4+ 22. Kb1 Nc5 23. Nh4 Qg3 24. Rf3 Qg4 25. Be2 Ncxe4 26. Nxe4 Qxe4 27. Bd3 Qg4 28. Rf2 e4 29. Be2 Qg5 30. Qc3 Rae8 31. Qh3 Bc8 32. Qh2 Qe5 33. Qg2 e3 34. Rf3 g5 35. h6 f6 36. Rg3 Kh8 37. Nf3 Qe4+ 38. Ka1 Bf5 39. Nxg5 fxg5 40. Rxg5 Bg6 41. Bf3 Qxf3 42. Rxg6 hxg6 43. Qxg6 Qxh1+ 0-1


[Site "https://www.chess.com"]

[Event "Titled Tuesday Blitz May 2 Early 2023"]
[White "Lavrik, Dmitry"]
[Black "Bochnicka, Vladimir"]
[WhiteFideId "24113190"]
[BlackFideId "14943450"]
[WhiteElo "2345"]
[BlackElo "2094"]
[Result "1-0"]
[Round "02"]
[TimeControl "180+2"]
[Date "2023.05.02"]
[WhiteClock "0:00:51"]
[BlackClock "0:00:04"]

1. c4 Nf6 2. g3 g6 3. Bg2 Bg7 4. Nc3 d6 5. Nf3 O-O 6. O-O Nc6 7. Rb1 a6 8. b4 Bf5 9. d3 Qd7 10. Re1 Ng4 11. Bd2 Rab8 12. e4 Be6 13. Ng5 Nce5 14. d4 Nd3 15. d5 Ngxf2 16. Qc2 Bd4 17. Be3 Nxe1 18. Rxe1 Bxe3 19. Rxe3 Ng4 20. Re1 b5 21. Qe2 Ne5 22. dxe6 fxe6 23. Bh3 Rf6 24. Nd5 Qe8 25. Nxf6+ exf6 26. Nxe6 Nxc4 27. Nxc7 Qe7 28. Nd5 Qf7 29. Rf1 Re8 30. Nxf6+ Kg7 31. Nxe8+ Qxe8 32. Qf2 Qe5 33. Qf8# 1-0


[Site "https://www.chess.com"]

[Event "Titled Tuesday Blitz May 2 Early 2023"]
[White "Rottenwohrer Suarez, Juan"]
[Black "Gritsenko, Nikolai"]
[WhiteFideId "32068182"]
[BlackFideId "14112493"]
[WhiteElo "2174"]
[BlackElo "2389"]
[Result "0-1"]
[Round "02"]
[TimeControl "180+2"]
[Date "2023.05.02"]
[WhiteClock "0:00:06"]
[BlackClock "0:00:25"]

1. Nf3 c5 2. g3 b6 3. Bg2 Bb7 4. O-O Nf6 5. d3 e6 6. e4 d6 7. Nc3 Nbd7 8. a4 a6 9. Nh4 Be7 10. f4 Qc7 11. f5 O-O-O 12. fxe6 fxe6 13. Bh3 Nf8 14. Ne2 Kb8 15. Be3 h6 16. a5 g5 17. axb6 Qxb6 18. b4 gxh4 19. bxc5 dxc5 20. Rb1 Qc6 21. Bg2 hxg3 22. Rxb7+ Qxb7 23. e5 Nd5 24. Qd2 gxh2+ 25. Kh1 Rg8 26. Be4 Qc7 27. Rb1+ Ka7 28. c4 Nxe3 29. Qxe3 Rb8 30. Ra1 Rb6 31. Nc3 Qxe5 0-1


[Site "https://www.chess.com"]

[Event "Titled Tuesday Blitz May 2 Early 2023"]
[White "Schmakel, Sam"]
[Black "Dinu, Dumitru-Daniel"]
[WhiteFideId "2039311"]
[BlackFideId "1208403"]
[WhiteElo "2356"]
[BlackElo "2240"]
[Result "0-1"]
[Round "02"]
[TimeControl "180+2"]
[Date "2023.05.02"]
[WhiteClock "0:00:00"]
[BlackClock "0:00:00"]

1. d4 Nf6 2. c4 e6 3. Nf3 Bb4+ 4. Bd2 a5 5. a3 Be7 6. Nc3 b6 7. e4 Bb7 8. Bd3 d5 9. cxd5 exd5 10. e5 Ne4 11. Qc2 Nxc3 12. bxc3 h6 13. O-O c5 14. Rfe1 O-O 15. e6 fxe6 16. Bh7+ Kh8 17. Ne5 Rf6 18. g4 Nd7 19. g5 Nxe5 20. gxf6 Nf3+ 21. Kh1 Bxf6 22. Rxe6 Nxd2 23. Bf5 Ne4 24. Qe2 Bc8 25. Qh5 Bxe6 26. Bxe6 cxd4 27. Bxd5 Ng5 28. c4 b5 29. h4 bxc4 30. Bxc4 Ne4 31. Qg6 Nxf2+ 32. Kg2 Bxh4 33. Be6 Qg5+ 34. Qxg5 hxg5 0-1


[Site "https://www.chess.com"]

[Event "Titled Tuesday Blitz May 2 Early 2023"]
[White "Lamaze, Simon"]
[Black "Garakov, Mikhael"]
[WhiteFideId "36069264"]
[BlackFideId "4169034"]
[WhiteElo "2272"]
[BlackElo "2347"]
[Result "1-0"]
[Round "02"]
[TimeControl "180+2"]
[Date "2023.05.02"]
[WhiteClock "0:00:00"]
[BlackClock "0:00:00"]

1. e4 c5 2. b4 cxb4 3. a3 d5 4. exd5 Qxd5 5. Nf3 e5 6. axb4 Bxb4 7. c3 Be7 8. d4 exd4 9. cxd4 Nc6 10. Nc3 Bb4 11. Bd2 Bxc3 12. Bxc3 Nge7 13. Bd3 O-O 14. O-O Bf5 15. Be2 Rfd8 16. Bb2 Be4 17. Qd2 Rac8 18. Qf4 Qf5 19. Qg3 Bd3 20. d5 Qg6 21. Bxd3 Qxg3 22. hxg3 Nxd5 23. Be4 a6 24. Rfd1 Nde7 25. Ng5 h6 26. Nf3 f6 27. Nh4 Kf7 28. Nf5 Nxf5 29. Bxf5 Rxd1+ 30. Rxd1 Rd8 31. Rxd8 Nxd8 32. f4 Nc6 33. Be4 Nd8 34. Bc3 b6 35. Bd4 b5 36. Bd5+ Ke7 37. Bc5+ Kd7 38. Bf8 Ne6 39. Bb4 Nd4 40. Kf2 g5 41. Bf8 h5 42. fxg5 fxg5 43. Bf7 h4 44. gxh4 gxh4 45. Ke3 Nf5+ 46. Kf4 Nd4 47. Kg4 a5 48. Kxh4 b4 49. g4 b3 50. Ba3 Nc2 51. Bc1 a4 52. g5 Nd4 53. g6 Nf5+ 54. Kg5 Ne7 55. g7 1-0


[Site "https://www.chess.com"]

[Event "Titled Tuesday Blitz May 2 Early 2023"]
[White "Marcziter, Dmitrii"]
[Black "Sammed Jaykumar, Shete"]
[WhiteFideId "13900765"]
[BlackFideId "5073421"]
[WhiteElo "2162"]
[BlackElo "2278"]
[Result "0-1"]
[Round "02"]
[TimeControl "180+2"]
[Date "2023.05.02"]
[WhiteClock "0:01:24"]
[BlackClock "0:00:30"]

1. e4 c5 2. Nc3 Nc6 3. f4 g6 4. Nf3 Bg7 5. Bc4 e6 6. d3 Nge7 7. O-O d5 8. Bb3 O-O 9. Kh1 Nd4 10. Nxd4 cxd4 11. Ne2 dxe4 12. dxe4 Nc6 13. Ng3 Na5 14. Bc4 Nxc4 15. f5 exf5 16. exf5 Ne3 17. Bxe3 dxe3 18. Qf3 Bxf5 19. Nxf5 gxf5 20. Qxe3 Re8 21. Qf3 Re5 22. Qxb7 Qc8 23. Qb3 Rb8 24. Qa4 Rxb2 25. Rad1 Bf6 26. Rd3 Re4 27. Qxa7 Qxc2 28. Rg3+ Rg4 29. Qa8+ Kg7 30. Qf3 Rg6 31. a4 Rb1 32. Rxg6+ hxg6 33. h3 Rxf1+ 34. Qxf1 Qxa4 35. Qf3 Qa1+ 36. Kh2 Be5+ 37. g3 Qb2+ 38. Kg1 Qc3 39. Qxc3 Bxc3 40. Kf2 Kf6 41. Kf3 Ke5 42. g4 fxg4+ 43. hxg4 g5 44. Ke3 Ba5 45. Kf3 Kd4 46. Kg3 Ke4 47. Kg2 Kf4 48. Kh3 Kf3 0-1


[Site "https://www.chess.com"]

[Event "Titled Tuesday Blitz May 2 Early 2023"]
[White "Petrova, Irina"]
[Black "Martinez Ramirez, Lennis"]
[WhiteFideId "14124122"]
[BlackFideId "3509079"]
[WhiteElo "2084"]
[BlackElo "2410"]
[Result "1/2-1/2"]
[Round "02"]
[TimeControl "180+2"]
[Date "2023.05.02"]
[WhiteClock "0:00:16"]
[BlackClock "0:00:01"]

1. e4 c5 2. Nf3 Nc6 3. Bb5 g6 4. Bxc6 dxc6 5. d3 Bg7 6. Nc3 e5 7. Be3 b6 8. h3 Qc7 9. O-O Nf6 10. a3 O-O 11. Nh2 Nh5 12. b4 cxb4 13. axb4 Nf4 14. Ra3 Ne6 15. Qa1 Nd4 16. Bxd4 exd4 17. Ne2 c5 18. bxc5 Qxc5 19. Nf3 Rd8 20. Rxa7 Rxa7 21. Qxa7 Bf6 22. Nf4 Be6 23. Nxe6 fxe6 24. Rb1 Qxc2 25. Qxb6 Re8 26. e5 Bd8 27. Qb3 Qe2 28. Nxd4 Qxe5 29. Nf3 Qd6 30. d4 Bc7 31. Qc4 Rf8 32. Ne5 Bd8 33. Rb7 Bh4 34. g3 Bf6 35. Qc7 Qxc7 36. Rxc7 Bxe5 37. dxe5 Rf5 38. f4 g5 39. Rc4 gxf4 40. gxf4 Kf7 41. Kg2 Kg6 42. Kg3 Rf8 1/2-1/2


[Site "https://www.chess.com"]

[Event "Titled Tuesday Blitz May 2 Early 2023"]
[White "Tarasova, Viktoriya"]
[Black "Colas, Joshua"]
[WhiteFideId "4175840"]
[BlackFideId "2044447"]
[WhiteElo "2182"]
[BlackElo "2347"]
[Result "0-1"]
[Round "02"]
[TimeControl "180+2"]
[Date "2023.05.02"]
[WhiteClock "0:00:00"]
[BlackClock "0:00:00"]

1. d4 Nf6 2. c4 e6 3. Nc3 Bb4 4. Nf3 Bxc3+ 5. bxc3 O-O 6. Qc2 d6 7. e4 e5 8. Bd3 Nc6 9. d5 Ne7 10. c5 Bg4 11. cxd6 cxd6 12. Nd2 Rc8 13. f3 Bd7 14. Rb1 Qa5 15. Nc4 Qc7 16. Ba3 Ne8 17. Bb4 Ng6 18. g3 Bb5 19. Ne3 Bxd3 20. Qxd3 a5 21. Ba3 Qxc3+ 22. Ke2 Qc7 23. Rhc1 Qd7 24. Rxc8 Qxc8 25. Nf5 h5 26. Kd2 h4 27. Qc3 Qd8 28. Rxb7 hxg3 29. hxg3 Qg5+ 30. Qe3 Qh5 31. Qf2 Qh1 32. Ke3 Qa1 33. Rb2 Qc1+ 34. Qd2 Qg1+ 35. Qf2 Qd1 36. Qd2 Qa4 37. Rb3 Nf6 0-1


[Site "https://www.chess.com"]

[Event "Titled Tuesday Blitz May 2 Early 2023"]
[White "Aaditya Dhingra"]
[Black "Khromkin, Andrey"]
[WhiteFideId "25678191"]
[BlackFideId "4154126"]
[WhiteElo "2083"]
[BlackElo "2191"]
[Result "1/2-1/2"]
[Round "02"]
[TimeControl "180+2"]
[Date "2023.05.02"]
[WhiteClock "0:00:32"]
[BlackClock "0:01:08"]

1. Nf3 c5 2. c4 Nc6 3. g3 g6 4. Bg2 Bg7 5. O-O a6 6. Nc3 Rb8 7. d3 b5 8. Be3 d6 9. cxb5 axb5 10. d4 b4 11. Ne4 cxd4 12. Nxd4 Ne5 13. Bf4 Bd7 14. Rc1 Nf6 15. Bxe5 dxe5 16. Nc6 Bxc6 17. Nxf6+ Bxf6 18. Bxc6+ Kf8 19. Qb3 Kg7 20. Rfd1 Qb6 21. Bd5 e6 22. Bf3 Rhd8 23. Rc6 Rxd1+ 24. Qxd1 Qd4 25. Qc2 Rd8 26. Kg2 e4 27. Bxe4 Qxb2 28. Qc4 Rd4 29. Qc2 Rd2 30. Qxb2 Rxb2 31. Rc2 Rxc2 32. Bxc2 Be7 33. Kf3 1/2-1/2


[Site "https://www.chess.com"]